Map: Overgrown Facility

Players

MonstroTown - Winner!

  • Race: Terran Terran
  • Spawn Location: 7:00

Michael - Winner!

  • Race: Zerg Zerg
  • League: Gold
  • Spawn Location: 9:00

EmperorZerg

  • Race: Zerg Zerg
  • League: Gold
  • Spawn Location: 3:00

BananaBomb

  • Race: Protoss Protoss
  • Spawn Location: 1:00

VOD

Have the link to the VOD?

Description

Time

  • Played on: Sept. 25, 2018, 8 p.m.
  • Length: 9:33
Show
View Real Time Build Order
Export as new Build Order

MonstroTown Terran - Winner!

Build Orders:  

Get SALT Encoding   

  12  0:01  SCV  
  13  0:13  SCV  
  14  0:18  Supply Depot  
  14  0:25  SCV  
  15  0:40  SCV  
  15  0:41  Barracks  
  16  0:52  SCV, Refinery  
  18  1:04  SCV  
  18  1:06  Refinery  
  18  1:16  SCV  
  19  1:23  Barracks  
  19  1:28  SCV  
  20  1:34  Reaper  
  21  1:48  Orbital Command  
  21  1:59  Supply Depot  
  21  2:13  Barracks Tech Lab  
  21  2:15  SCV  
  22  2:21  Factory  
  22  2:33  Marauder, Marine  
  25  2:45  SCV  
  25  2:51  Marine  
  26  3:07  Reaper  
  27  3:15  Factory Tech Lab  
  27  3:19  Starport  
  27  3:36  Reaper  
  27  3:37  Widow Mine  
  30  3:45  Marauder  
  31  3:58  Siege Tank, Command Center  
  34  4:19  Marine  
  34  4:20  Marauder  
  34  4:23  Combat Shields  
  37  4:31  Barracks  
  37  4:52  Supply Depot  
  37  5:02  SCV  
  38  5:08  Engineering Bay  
  38  5:10  Siege Tank, Marine  
  38  5:13  Starport Reactor  
  42  5:15  SCV  
  42  5:27  Supply Depot  
  42  5:32  Starport  
  42  5:35  Missile Turret  
  42  5:37  Orbital Command  
  42  5:39  Missile Turret  
  42  5:40  SCV  
  43  5:47  Terran Infantry Weapons Level 1  
  43  5:53  Marauder, Marine  
  43  5:56  SCV  
  47  6:05  SCV  
  47  6:08  SCV  
  47  6:10  Liberator, Barracks Reactor  
  49  6:12  Starport Reactor  
  49  6:18  SCV  
  50  6:20  SCV  
  51  6:31  Marine  
  55  6:33  SCV x2  
  55  6:36  Refinery  
  57  6:40  Viking  
  57  6:45  SCV  
  60  6:54  SCV  
  60  7:08  Marine  
  60  7:09  Marine  
  62  7:16  Command Center  
  62  7:17  Marauder  
  62  7:21  Viking x2  
  62  7:22  Marine  
  69  7:26  Marine  
  69  7:28  Supply Depot  
  70  7:45  SCV x2, Marine  
  70  7:48  Viking  
  70  7:50  Marine  
  76  7:57  Marine x2  
  78  8:03  Marine  
  79  8:21  Marine x4  
  79  8:24  Viking  
  85  8:30  Missile Turret  
  85  8:31  Viking  
  87  8:39  Marine x4  
  90  8:57  Marine  
Show
View Real Time Build Order
Export as new Build Order

Michael Zerg - Winner!

Build Orders: Hatch First 

Get SALT Encoding   

  12  0:01  Drone  
  13  0:12  Overlord  
  13  0:17  Drone  
  14  0:30  Drone  
  14  0:31  Drone  
  14  0:34  Drone  
  17  0:45  Drone  
  18  0:59  Hatchery  
  18  1:01  Drone  
  18  1:06  Drone  
  18  1:09  Extractor  
  18  1:20  Spawning Pool  
  17  1:27  Drone  
  17  1:29  Drone  
  19  1:39  Drone  
  20  1:49  Overlord  
  20  2:09  Queen  
  20  2:12  Metabolic Boost  
  20  2:14  Queen  
  24  2:16  Zergling x4  
  24  2:17  Zergling x2  
  27  2:23  Zergling x2  
  27  2:24  Zergling x2  
  29  2:34  Zergling x2  
  29  2:35  Zergling x2  
  31  2:43  Drone  
  31  2:44  Drone  
  32  2:53  Lair  
  32  2:58  Queen  
  32  3:05  Zergling x4  
  36  3:15  Overlord  
  36  3:16  Overlord  
  36  3:20  Extractor  
  36  3:25  Evolution Chamber  
  36  3:26  Drone  
  34  3:30  Drone  
  29  4:00  Drone x8  
  37  4:09  Spine Crawler  
  36  4:11  Zerg Ground Armor Level 1  
  36  4:15  Drone  
  37  4:18  Drone  
  37  4:20  Drone  
  39  4:35  Queen  
  39  4:37  Roach Warren  
  40  4:40  Queen  
  40  4:42  Drone  
  43  4:46  Drone  
  43  4:47  Drone  
  43  4:48  Drone  
  46  5:01  Spore Crawler, Hydralisk Den  
  44  5:07  Drone  
  44  5:08  Drone x4  
  44  5:11  Extractor  
  44  5:13  Extractor  
  47  5:28  Spore Crawler  
  46  5:31  Spore Crawler  
  46  5:34  Spore Crawler  
  44  5:37  Spore Crawler  
  44  5:40  Drone x4  
  47  5:43  Muscular Augments  
  47  5:47  Glial Reconstitution  
  47  5:58  Drone x3  
  47  6:00  Drone  
  47  6:04  Drone  
  52  6:05  Zerg Missile Weapons Level 1  
  52  6:07  Overlord  
  52  6:09  Overlord  
  52  6:12  Overlord  
  52  6:31  Hatchery  
  52  6:32  Hydralisk x2  
  51  6:34  Hydralisk  
  51  6:38  Hydralisk  
  59  6:42  Hydralisk  
  61  6:55  Hydralisk x3  
  61  6:58  Overlord  
  61  7:01  Overlord  
  67  7:06  Grooved Spines  
  67  7:39  Drone x3, Hatchery  
  67  7:40  Drone x9  
  78  7:47  Hydralisk x2  
  82  8:05  Hydralisk x4  
  82  8:07  Queen  
  92  8:13  Queen  
  92  8:19  Queen  
  96  8:32  Overlord x4  
  96  8:45  Hydralisk  
  97  8:52  Hydralisk x4  
  97  8:53  Hydralisk x4  
Show
View Real Time Build Order
Export as new Build Order

EmperorZerg Zerg 

Build Orders: Hatch First 

Get SALT Encoding   

  12  0:02  Drone  
  13  0:08  Drone  
  14  0:36  Hatchery  
  13  0:43  Overlord  
  13  0:46  Drone  
  14  1:01  Drone x2  
  16  1:14  Spawning Pool  
  16  1:15  Drone  
  16  1:19  Drone  
  17  1:26  Drone  
  18  1:37  Drone  
  19  1:49  Drone  
  19  1:51  Drone  
  21  1:59  Drone  
  21  2:01  Queen  
  24  2:02  Queen  
  24  2:04  Drone  
  27  2:10  Overlord  
  27  2:13  Extractor  
  26  2:22  Zergling x2  
  27  2:26  Drone  
  27  2:37  Queen  
  27  2:39  Drone  
  30  2:45  Drone  
  30  2:46  Extractor, Drone x2  
  32  3:03  Zergling x6  
  34  3:08  Spine Crawler  
  33  3:15  Zergling x2  
  33  3:23  Zergling x4  
  33  3:24  Zergling x2  
  35  3:32  Zergling x2  
  35  3:33  Zergling x2  
  35  3:34  Zergling x4  
  27  3:50  Zergling x4  
  29  3:56  Metabolic Boost  
  29  3:58  Drone  
  29  4:00  Drone x2  
  30  4:25  Drone x2  
  30  4:26  Drone x2  
  30  4:30  Drone  
  35  4:32  Drone  
  35  4:35  Overlord x3  
  36  4:44  Overlord  
  36  4:45  Overlord  
  36  4:53  Queen x2  
  40  5:00  Drone  
  40  5:03  Drone x3  
  40  5:05  Drone  
  46  5:07  Drone  
  46  5:11  Drone  
  47  5:20  Drone  
  48  5:28  Queen, Baneling Nest  
  48  5:30  Drone  
  50  5:39  Drone  
  51  5:42  Queen  
  51  5:46  Extractor  
  51  5:49  Extractor  
  51  5:51  Drone x4  
  51  5:54  Drone  
  51  5:56  Drone  
  57  6:12  Overlord, Lair  
  57  6:19  Drone x3  
  57  6:20  Drone  
  57  6:21  Drone  
  62  6:26  Pneumatized Carapace  
  62  6:27  Drone  
  62  6:28  Zergling x2  
  62  6:29  Zergling x2  
  65  6:46  Hatchery  
  64  6:47  Drone  
  64  6:51  Zergling x2  
  64  6:52  Zergling x4  
  68  7:07  Hatchery  
  67  7:09  Drone x2  
  67  7:12  Zergling x6  
  72  7:16  Centrifical Hooks  
  72  7:22  Hydralisk Den  
  71  7:26  Drone  
  71  7:28  Roach Warren  
  71  7:35  Baneling x3  
  71  7:36  Baneling x3  
  71  7:43  Drone x5  
  71  7:44  Drone x4  
  78  7:47  Zergling x4  
  78  7:48  Zergling x2  
  83  8:02  Grooved Spines  
  83  8:07  Evolution Chamber  
  83  8:11  Hydralisk x3, Evolution Chamber  
  87  8:12  Hydralisk  
  87  8:15  Overlord  
  87  8:16  Overlord  
  89  8:25  Hydralisk x2  
  89  8:27  Hydralisk  
  95  8:40  Spire  
Show
View Real Time Build Order
Export as new Build Order

BananaBomb Protoss 

Build Orders:  

Get SALT Encoding   

  12  0:01  Probe  
  13  0:17  Pylon  
  13  0:28  Probe  
  14  0:30  Assimilator  
  14  0:43  Gateway  
  14  0:47  Probe  
  15  0:59  Probe  
  16  1:11  Probe  
  17  1:17  Assimilator  
  17  1:23  Probe  
  18  1:36  Zealot  
  18  1:38  Probe  
  21  1:50  Probe  
  22  1:55  Pylon  
  22  2:00  Cybernetics Core  
  22  2:04  Probe  
  23  2:13  Zealot  
  25  2:20  Pylon  
  25  2:29  Probe  
  26  2:37  Zealot  
  28  2:51  Probe  
  29  2:57  Stalker  
  29  3:03  Probe, Stargate  
  32  3:07  Pylon  
  32  3:27  Stalker  
  34  3:57  Stalker  
  36  4:16  Void Ray  
  40  4:20  Nexus  
  40  4:26  Fleet Beacon  
  40  4:31  Pylon  
  40  4:39  Probe  
  41  4:47  Void Ray  
  41  4:51  Probe  
  46  5:07  Protoss Air Weapons Level 1  
  46  5:08  Stalker  
  48  5:21  Void Ray  
  52  5:36  Probe  
  52  5:41  Pylon  
  53  5:48  Probe  
  54  5:52  Stalker  
  56  6:00  Probe x2  
  58  6:04  Assimilator  
  58  6:08  Pylon  
  58  6:12  Probe  
  59  6:18  Carrier  
  59  6:22  Stalker  
  59  6:24  Probe  
  68  6:36  Probe  
  68  6:39  Assimilator  
  69  6:49  Probe  
  69  6:53  Probe  
  69  6:54  Pylon  
  71  7:01  Probe, Protoss Air Armor Level 1  
  72  7:05  Probe  
  73  7:28  Probe  
  74  7:30  Carrier  
  74  7:36  Stalker  
  76  7:40  Probe  
  83  8:13  Fleet Beacon  
  83  8:15  Nexus  
  83  8:17  Stargate  
  83  8:21  Pylon  
  83  8:27  Stalker  
  83  8:32  Assimilator  
  85  8:49  Assimilator  
  85  8:57  Stalker  
Tags
 
Add a new tag
Caveats
  • Supply blocks, unpowered buildings, or Contaminate may cause inaccurate times.
  • Supply counts are checked every 10 seconds.